 Dungeon Crawl Stone Soup version 0.29-a0-802-g34511f41fd (webtiles) character file.

Game seed: 211664302156983103

2 buhh the Insei (level 1, -1/13 HPs)
             Began as an Octopode Transmuter on July 4, 2022.
             Slain by a goblin
             ... wielding a +0 dagger of venom
              (4 damage)
             ... on level 1 of the Dungeon.
             The game lasted 00:00:12 (145 turns).

buhh the Insei (Octopode Transmuter)                 Turns: 145, Time: 00:00:12

Health: -1/13      AC:  1    Str:  9    XL:     1   Next: 40%
Magic:  2/3        EV: 13    Int: 15    God:
Gold:   34         SH:  0    Dex: 12    Spells: 3/4 levels left

rFire   . . .      SeeInvis .     - Unarmed
rCold   . . .      Faith    .   (no shield)
rNeg    . . .      Spirit   .   (helmet currently unavailable)
rPois   .          Reflect  .   (no amulet)
rElec   .          Harm     .   (no ring)
rCorr   .          Rampage  .   (no ring)
Will    .....                   (no ring)
Stlth   +++.......              (no ring)
HPRegen 0.04/turn               (no ring)
MPRegen 0.08/turn               (no ring)
                                (no ring)
                                (no ring)

@: lethally poisoned (-1 -> -8), appendages (expiring)
A: tentacle spike 3, almost no armour, amphibious, 8 rings, camouflage 1,
gelatinous body 1, (nimble swimmer 1), tentacles
a: End Transformation


You were on level 1 of the Dungeon.
One of your tentacles had grown a beastly spike.
You visited 1 branch of the dungeon, and saw 1 of its levels.

You collected 34 gold pieces.

Inventory:

Scrolls
 a - a scroll of enchant armour {unknown}
 b - a scroll of poison {unknown}
Potions
 c - a potion of curing {unknown}
 l - a potion of lignification {!d}


   Skills:
 + Level 1.1 Fighting
 - Level 2.0 Dodging
 * Level 1.0 Stealth
 - Level 3.0 Unarmed Combat
 - Level 2.0 Spellcasting
 - Level 2.0 Transmutations


You had 3 spell levels left.
You knew the following spells:

 Your Spells              Type           Power      Damage    Failure   Level
a - Beastly Appendage     Tmut           14%        N/A       10%         1

Your spell library contained the following spells:

 Spells                   Type           Power      Damage    Failure   Level
 Wereblood                Tmut           7%         N/A       14%         2
 Spider Form              Tmut/Pois      4%         N/A       41%         3
 Ice Form                 Ice/Tmut       4%         N/A       82%         4


Dungeon Overview and Level Annotations

Branches:
Dungeon (1/15) Zot: 5854

Altars:


Innate Abilities, Weirdness & Mutations

One of your tentacles has grown a beastly spike.
You cannot wear most types of armour.
You are amphibious.
You can wear up to eight rings at the same time.
Your skin changes colour to match your surroundings (Stealth+).
Your rubbery body absorbs attacks. (AC +1, EV +1)
((You are camouflaged when in or above water. (Stealth+)))
You have tentacles for arms and can constrict up to eight enemies at once.


Message History

You open the door.
There is an open door here.
You open the door.
There is an open door here.
You now have 34 gold pieces (gained 15).
b - a scroll labelled YZI QAAMAU
c - a sapphire potion You open the door.
There is a dry fountain here.
There is an open door here.
There is an open door here.
There is an open door here.
There is an open door here.
Key pressed, stopping explore.
There is an open door here.
There is an open door here.
There is an open door here.
Key pressed, stopping explore.
You open the door.
A goblin comes into view. It is wielding a +0 dagger of venom.
The goblin shouts!
A goblin is nearby!
One of your tentacles grows a vicious spike.
There is an open door here.
You tentacle-slap the goblin but do no damage.
Your grab misses the goblin.
Your tentacle spike misses the goblin.
Your squeeze misses the goblin.
The goblin hits you with a +0 dagger of venom.
You closely miss the goblin. Your grab misses the goblin.
Your transformation is almost over.
The goblin hits you with a +0 dagger of venom.
You are lethally poisoned!
You are too injured to fight recklessly!
You are too injured to fight recklessly!
You barely miss the goblin. Your grab misses the goblin.
Your squeeze misses the goblin.
* * * LOW HITPOINT WARNING * * *
You feel very sick.
The goblin hits you with a +0 dagger of venom.
You die...

####+####
#.......#
#.⌠...⌠.#
#.......#
+...⌠...+
#.......#
#.⌠.g.⌠.#
#...@...#
####'#### #.#
#.############
#.............
#####.########
#.# #.# #.#


You could see a goblin.

Vanquished Creatures
  2 hobgoblins (D:1)
2 creatures vanquished.

Notes
Turn   | Place    | Note
-------+----------+-------------------------------------------
     0 | D:1      | buhh the Octopode Transmuter began the quest for the Orb.
     0 | D:1      | Reached XP level 1. HP: 13/13 MP: 3/3
   145 | D:1      | Slain by a goblin

Illustrated notes

Levels and vault maps discovered:
D:1:      co_arrival_random_square_maze, layout_basic,
          hellmonk_ecumenical_altar_blasted, minmay_fountain_box,
          patterned_corridor

Skill      XL: |  1 |
---------------+----+-----
Stealth        | 1 |  1.0
Fighting       | |  1.1
Dodging        | |  2.0
Unarmed Combat | |  3.0
Spellcasting   | |  2.0
Transmutations | |  2.0

Action                   || total
-------------------------++-------
Melee: Unarmed           ||     5
       Constrict         ||     1
       Tentacles         ||     1
 Cast: Beastly Appendage ||     2

Table legend: (Time is in decaauts)
 A = Elapsed time spent in this place.
 B = Non-inter-level travel time spent in this place.
 C = Inter-level travel time spent in this place.
 D = Time resting spent in this place.
 E = Time spent auto-exploring this place.
 F = Levels seen in this place.
 G = Mean time per level.
                   A        B        C        D        E       F      G
               +--------+--------+--------+--------+--------+-----+--------+
         Total |    144 |    144 |      0 |      0 |    124 |   1 |  144.0 |
       Dungeon |    144 |    144 |      0 |      0 |    124 |   1 |  144.0 |
               +--------+--------+--------+--------+--------+-----+--------+

Top non-repeatable levels by time:
     D:1: 144 daAuts
